 Dungeon Crawl Stone Soup version 0.29.1-1-gd02db6906a (webtiles) character file.

Game seed: 11021249638181665870

331537 Earthwalker the Spry (level 20, -1/187 HPs)
             Began as a Minotaur Fighter on Oct 20, 2022.
             Was the Champion of Okawaru.
             Splashed with acid (8 damage)
             ... on level 5 of the Pits of Slime on Oct 22, 2022.
             The game lasted 03:39:45 (61947 turns).

Earthwalker the Spry (Minotaur Fighter)            Turns: 61947, Time: 03:39:46

Health: -1/187     AC: 29    Str: 32    XL:     20   Next: 87%
Magic:  0/27       EV: 16    Int:  2    God:    Okawaru [******]
Gold:   2028       SH: 21    Dex: 14    Spells: 19/19 levels left

rFire   + + +      SeeInvis +   u - +9 broad axe "Kaaps" {speed, rN+}
rCold   + . .      Faith    .   U - +2 shield of Resistance {rF++ rC++ Will++}
rNeg    + + +      Spirit   .   a - +5 plate armour {rF+}
rPois   +          Reflect  +   p - +1 hat
rElec   .          Harm     .   i - +2 ratskin cloak {*Rats rPois rN+ Str-1 Int-1 Dex+1}
rCorr   +          Rampage  .   T - +2 pair of gloves {infuse}
Will    +++..                   N - +0 pair of boots "Ceuxkis" {+Inv rN+ Str+4 Int-2}
Stlth   ++........              Q - amulet of Yhuinysegg {Reflect rC- rCorr Dex+4 SH+5 Stlth+}
HPRegen 0.41/turn               K - ring of see invisible
MPRegen 0.20/turn               y - ring of flight

@: engulfed (cannot breathe), corroded, flying, studying 2 skills
A: horns 2, retaliatory headbutt, thin skeletal structure 1, clumsy 2,
deterioration 2, MP-powered wands, devolution 1
}: 2/15 runes: serpentine, barnacled
a: Renounce Religion, Evoke Invisibility, Heroism, Finesse, Duel


You were on level 5 of the Pits of Slime.
You worshipped Okawaru.
Okawaru was exalted by your worship.
You visited 7 branches of the dungeon, and saw 38 of its levels.
You visited the Abyss 1 time.
You also visited: Bailey, Gauntlet, Ice Cave and Volcano.

You collected 5061 gold pieces.
You spent 3033 gold pieces at shops.

Inventory:

Hand Weapons
 o - a +3 broad axe of holy wrath
 s - a +9 war axe of flaming
 u - the +9 broad axe "Kaaps" (weapon) {speed, rN+}
   (Okawaru gifted it to you on level 4 of the Lair of Beasts)

   Attacks with this weapon are significantly faster.
   rN:        It protects you from negative energy.
Missiles
 w - 23 poisoned darts
 D - 42 boomerangs (quivered)
Armour
 a - a +5 plate armour of fire resistance (worn)
 c - a +2 tower shield of reflection
 i - the +2 ratskin cloak (worn) {*Rats rPois rN+ Str-1 Int-1 Dex+1}
   (You found it on level 4 of the Lair of Beasts)

   When the wearer is hurt, rats may emerge from it to assist them.
   Str:       It affects your strength (-1).
   Int:       It affects your intelligence (-1).
   Dex:       It affects your dexterity (+1).
   rPois:     It protects you from poison.
   rN:        It protects you from negative energy.
 p - a +1 hat (worn)
 N - the +0 pair of boots "Ceuxkis" (worn) {+Inv rN+ Str+4 Int-2}
   (Okawaru gifted it to you on level 2 of the Orcish Mines)

   Str:       It affects your strength (+4).
   Int:       It affects your intelligence (-2).
   rN:        It protects you from negative energy.
   +Inv:      It lets you turn invisible.
 T - a +2 pair of gloves of infusion (worn)
 U - the +2 shield of Resistance (worn) {rF++ rC++ Will++}
   (You bought it in a shop on level 1 of the Snake Pit)

   rF:        It greatly protects you from fire.
   rC:        It greatly protects you from cold.
   Will:      It greatly increases your willpower.
Jewellery
 m - the ring of Xufug {rElec rC+ MP+9 Int+6}
   (You took it off a merfolk impaler on level 4 of the Shoals)

   [ring of magical power]

   Int:       It affects your intelligence (+6).
   rC:        It protects you from cold.
   rElec:     It insulates you from electricity.
   MP:        It affects your magic capacity (+9).
 y - a ring of flight (right hand)
 F - the ring of Astramp {Ice Str+5 Slay+3}
   (You found it in a Gauntlet)

   [ring of ice]

   It enhances your ice magic.
   Str:       It affects your strength (+5).
   Slay:      It affects your accuracy & damage with ranged weapons and melee
   (+3).
   rF:        It makes you vulnerable to fire.
   rC:        It protects you from cold.
 K - a ring of see invisible (left hand)
 Q - the amulet of Yhuinysegg (around neck) {Reflect rC- rCorr Dex+4 SH+5 Stlth+}
   (You bought it in a shop on level 1 of the Snake Pit)

   [amulet of reflection]

   It reflects blocked missile attacks.
   Dex:       It affects your dexterity (+4).
   rC:        It makes you vulnerable to cold.
   rCorr:     It protects you from acid and corrosion.
   SH:        It affects your SH (+5).
   Stlth:     It makes you more stealthy.
 Y - the ring of Nemelex Xobeh's Envy {*Corrode rC+ Str+7 Int+3 Dex+6}
   (You took it off a deep elf pyromancer on level 2 of the Elven Halls)

   [ring of dexterity]

   Str:       It affects your strength (+7).
   Int:       It affects your intelligence (+3).
   Dex:       It affects your dexterity (+6).
   rC:        It protects you from cold.
   *Corrode:  It may corrode you when you take damage.
Wands
 k - a wand of light (12)
 z - a wand of polymorph (6)
 E - a wand of iceblast (38)
 G - a wand of flame (57)
 M - a wand of mindburst (19)
 V - a wand of digging (10)
Scrolls
 b - 7 scrolls of torment
 e - 2 scrolls of enchant weapon
 f - 5 scrolls of teleportation
 j - 7 scrolls of amnesia
 n - 7 scrolls of fog
 t - 6 scrolls of poison
 B - 10 scrolls of noise
 J - a scroll of immolation
 P - 8 scrolls of fear
 R - 3 scrolls of silence
 W - 4 scrolls of magic mapping
 X - 2 scrolls of blinking
Potions
 d - 10 potions of might
 g - 4 potions of lignification
 h - 4 potions of invisibility
 l - 8 potions of degeneration
 r - 10 potions of heal wounds
 v - 7 potions of brilliance
 x - 5 potions of berserk rage
 A - 5 potions of resistance
 C - 30 potions of curing
 H - 2 potions of ambrosia
 I - 3 potions of magic
 L - 4 potions of attraction
 O - 2 potions of cancellation
 S - 6 potions of haste
Miscellaneous
 q - a piece from Xom's chessboard (15/15)


   Skills:
 * Level 17.7 Fighting
 - Level 18.0 Axes
 - Level 12.0 Throwing
 * Level 17.7 Armour
 * Level 18.2 Dodging
 * Level 11.0 Stealth
 * Level 17.5 Shields
 * Level 11.2 Invocations
 * Level 10.3 Evocations


You had 19 spell levels left.
You didn't know any spells.
Your spell library contained the following spells:

 Spells                   Type           Power      Damage    Failure   Level
 Beastly Appendage        Tmut           0%         N/A       99%         1
 Foxfire                  Conj/Fire      0%         2x1d4     99%         1
 Necrotise                Necr           0%         1d4       99%         1
 Sandblast                Erth           0%         2d4       99%         1
 Sting                    Tmut/Pois      0%         1d3       99%         1
 Blink                    Tloc           0%         N/A       100%        2
 Ensorcelled Hibernation  Hex/Ice        0%         N/A       100%        2
 Poisonous Vapours        Pois/Air       0%         N/A       100%        2
 Sublimation of Blood     Necr           0%         N/A       100%        2
 Wereblood                Tmut           0%         N/A       100%        2
 Confusing Touch          Hex            0%         N/A       100%        3
 Conjure Flame            Conj/Fire      0%         6-21      100%        3
 Ignite Poison            Fire/Tmut/Pois 0%         N/A       100%        3
 Inner Flame              Hex/Fire       0%         N/A       100%        3
 Lesser Beckoning         Tloc           0%         N/A       100%        3
 Mephitic Cloud           Conj/Pois/Air  0%         N/A       100%        3
 Portal Projectile        Hex/Tloc       0%         N/A       100%        3
 Spider Form              Tmut/Pois      0%         N/A       100%        3
 Stone Arrow              Conj/Erth      0%         3d7       100%        3
 Vampiric Draining        Necr           0%         2d6       100%        3
 Airstrike                Air            0%         2d(0-16)  100%        4
 Anguish                  Hex/Necr       0%         N/A       100%        4
 Corpse Rot               Necr/Pois/Air  0%         N/A       100%        4
 Dispel Undead            Necr           0%         3d6       100%        4
 Flame Wave               Conj/Fire      0%         2d4       100%        4
 Hailstorm                Conj/Ice       0%         3d3       100%        4
 Ice Form                 Ice/Tmut       0%         N/A       100%        4
 Olgreb's Toxic Radiance  Pois           0%         N/A       100%        4
 Petrify                  Tmut/Erth      0%         N/A       100%        4
 Agony                    Necr           0%         N/A       100%        5
 Blade Hands              Tmut           0%         N/A       100%        5
 Freezing Cloud           Conj/Ice/Air   0%         6-21      100%        5
 Lee's Rapid Deconstruct  Erth           0%         3d5*      100%        5
 Lightning Bolt           Conj/Air       0%         1d11      100%        5
 Manifold Assault         Tloc           0%         N/A       100%        5
 Metabolic Englaciation   Hex/Ice        0%         N/A       100%        5
 Yara's Violent Unravell  Hex/Tmut       0%         3d3       100%        5
 Conjure Ball Lightning   Conj/Air       0%         3x3d6     100%        6
 Statue Form              Tmut/Erth      0%         N/A       100%        6
 Enfeeble                 Hex            0%         N/A       100%        7
 Orb of Destruction       Conj           0%         9d5       100%        7
 Necromutation            Tmut/Necr      0%         N/A       100%        8
 Chain Lightning          Conj/Air       0%         N/A       100%        9
 Fire Storm               Conj/Fire      0%         5d1       100%        9
 Shatter                  Erth           0%         3d5*      100%        9
 Summon Guardian Golem    Hex/Summ       Unusable   N/A       N/A         3
 Tukima's Dance           Hex            Unusable   N/A       N/A         3
 Animate Armour           Summ/Erth      Unusable   N/A       N/A         4
 Summon Ice Beast         Ice/Summ       Unusable   N/A       N/A         4
 Summon Lightning Spire   Summ/Air       Unusable   N/A       N/A         4
 Death Channel            Necr           Unusable   N/A       N/A         6
 Simulacrum               Ice/Necr       Unusable   N/A       N/A         6
 Spellforged Servitor     Conj/Summ      Unusable   N/A       N/A         7
 Summon Hydra             Summ           Unusable   N/A       N/A         7

Dungeon Overview and Level Annotations

Branches:
Dungeon (15/15)            Temple (0/1) D:7            Lair (5/5) D:9
 Shoals (4/4) Lair:3        Snake (4/4) Lair:2        Slime (5/5) Lair:5
    Orc (2/2) D:12            Elf (3/3) Orc:2        Vaults (0/5) D:14
 Depths (0/4) D:15         Bailey (visited)           IceCv (visited)
Volcano (visited)         Gauntlet (visited)

Altars:
Ashenzari
Cheibriados
Dithmenos
Fedhas
Gozag
Kikubaaqudgha
Makhleb
Nemelex Xobeh
Okawaru
Qazlal
Ru
Sif Muna
Trog
Xom
Yredelemnul
Zin
Jiyva
Lugonu

Shops:
D:6 [   Orc:2 (*(*[   Shoals:2 *   Snake:1 [=   Snake:2 !

Portals:
Abyss: Lair:5

Annotations:
Slime:5 Royal Jelly


Innate Abilities, Weirdness & Mutations

You have a pair of horns on your head.
You reflexively headbutt those who attack you in melee.
You have a somewhat thin skeletal structure. (Dex +2, Stealth+)
You are very clumsy. (Dex -4)
Your body often deteriorates upon taking damage.
You expend magic power (3 MP) to strengthen your wands.
You have hidden genetic defects.


Message History

You slash the rockslime! You completely miss the acid blob.
You hit the rockslime but do no damage. You block the Royal Jelly's attack. x2
The rockslime hits you!!
* * * LOW HITPOINT WARNING * * *
You are shoved backwards!
Two slime creatures merge to form a large slime creature.
The rockslime attacks as you move away! You block the rockslime's attack.
You are splashed with acid!
* * * LOW HITPOINT WARNING * * *
The rockslime jiggles.
The acid blob spits acid at you.
The splash of acid hits you but does no damage.
The acid corrodes you!
Unknown command.
You slice the rockslime!!
You headbutt the rockslime, but do no damage.
The rockslime is moderately wounded.
You barely miss the rockslime. You barely miss the acid blob.
You are splashed with acid!
* * * LOW HITPOINT WARNING * * *
The acid blob hits you but does no damage.
You hit the rockslime but do no damage.
You headbutt the rockslime, but do no damage.
The rockslime is moderately wounded.
You slash the rockslime! You closely miss the quicksilver ooze.
You hit the acid blob.
Your hands burn!
* * * LOW HITPOINT WARNING * * *
You are splashed with acid!
* * * LOW HITPOINT WARNING * * *
You block the rockslime's attack. The quicksilver ooze hits you.
The quicksilver ooze engulfs you! The quicksilver ooze hits you.
* * * LOW HITPOINT WARNING * * *
You slash the rockslime!
You headbutt the rockslime, but do no damage.
The rockslime is severely wounded.
You slice the acid blob!!
Your hands burn!
* * * LOW HITPOINT WARNING * * *
You hit the rockslime. You slash the quicksilver ooze!
You are splashed with acid!
You die...

## ###.# ### ..##.#..##.#
.............##
...............##
...............J##
...............J@#
.............JJJJ#
..............JJJ####
.............JJJJJ..##
............J........####
............J...........#
.......................#.
.........................
........................#


You could see the Royal Jelly, 3 acid blobs, 2 azure jellies, a large slime
creature, 7 rockslimes and 2 quicksilver oozes.

Vanquished Creatures
  Dissolution (Slime:3)
  Bai Suzhen (Snake:4)
  Vashnia (Snake:3)
  Saint Roka (Elf:2)
  Mlioglotl (Snake:4)
  The ghost of decrepitue the Fencer, an adept MfGl of Okawaru (Elf:2)
  3 deep elf blademasters
  2 deep elf master archers (Elf:3)
  Frances (Elf:1)
  Polyphemus (Shoals:2)
  A kraken (Shoals:2)
  9 acid blobs
  Agnes (D:15)
  Roxanne (Elf:1)
  Donald (Elf:1)
  9 nagarajas (Snake:4)
  Ilsuiw (Shoals:2)
  8 azure jellies
  6 rockslimes
  6 deep elf sorcerers
  An orc warlord (Orc:1)
  Aizul (Snake:4)
  Louise (Elf:1)
  3 deep elf elementalists
  A cacodemon (Elf:3)
  7 quicksilver oozes
  5 deep elf demonologists (Elf:3)
  A dire elephant (Gauntlet)
  8 deep elf annihilators
  Azrael (D:12)
  An entropy weaver (Gauntlet)
  A minotaur (Gauntlet)
  3 merfolk javelineers
  An ettin (Orc:2)
  3 deep elf death magi
  10 merfolk impalers
  2 deep elf high priests (Elf:3)
  3 great orbs of eyes
  A spriggan zombie (D:15)
  Fannar (Lair:1)
  5 hydras
  8 vault guards (D:14)
  5 boulder beetles
  2 salamander tyrants
  5 merfolk avatars
  An ogre mage (D:10)
  2 alligator snapping turtles
  3 merfolk aquamancers (Shoals:4)
  3 catoblepae
  7 anacondas
  6 centaur warriors
  4 satyrs (Shoals:4)
  9 two-headed ogres
  14 naga warriors
  15 death yaks
  A tengu warrior (D:15)
  3 orc high priests
  8 shock serpents
  38 dancing weapons
  3 thrashing horrors (Lair:5)
  21 naga sharpshooters
  21 deep elf knights
  A hell knight (Volcano)
  Sonja (Orc:2)
  5 salamander mystics
  A spark wasp zombie (D:15)
  6 naga ritualists
  8 sea snakes
  2 skeletal warriors (D:15)
  Pikel (D:8)
  A flayed ghost (D:15)
  2 bog bodies (IceCv)
  13 orc knights
  9 deep elf archers
  12 harpies
  A necromancer (D:15)
  11 mana vipers
  An obsidian statue (Volcano)
  13 salamanders
  16 deep elf zephyrmancers
  7 ugly things
  An orc sorcerer (Bailey)
  5 shining eyes
  15 manticores
  38 deep elf pyromancers
  22 fauns
  A moth of wrath (shapeshifter) (D:9)
  16 elephants
  Maurice (Orc:2)
  9 cyclopes
  15 naga magi
  4 guardian serpents
  9 merfolk sirens
  3 water nymphs
  An ice statue (IceCv)
  36 black mambas
  3 torpor snails
  2 guardian serpents (shapeshifter)
  4 eyes of devastation
  8 cane toads
  3 smoke demons
  2 gargoyles (D:11)
  2 unseen horrors
  13 komodo dragons
  3 rime drakes
  Psyche (D:10)
  2 kobold demonologists (D:10)
  2 efreet (D:15)
  A freezing wraith (D:10)
  A tengu conjurer (D:15)
  2 burning bushes (Lair:1)
  An ice devil (IceCv)
  An ancient zyme (Lair:5)
  11 trolls
  28 merfolk
  2 wind drakes (Shoals:4)
  4 hornets
  Prince Ribbit (D:6)
  30 blink frogs
  Grinder (D:4)
  An ettin zombie (D:15)
  66 slime creatures
  A raiju (shapeshifter) (D:13)
  5 dream sheep
  13 snapping turtles
  A jumping spider (Gauntlet)
  2 large abominations (Lair:5)
  A spriggan (Lair:5)
  A vampire (D:8)
  5 wraiths
  An air elemental (Elf:2)
  33 yaks
  2 dire elephant simulacra (IceCv)
  A shadow (D:11)
  2 ynoxinuls (Lair:5)
  A yak (shapeshifter) (D:13)
  2 wyverns
  2 golden eyes (Slime:2)
  8 fire bats (Volcano)
  2 fire elementals
  8 water elementals
  6 basilisks
  A redback (Gauntlet)
  A death yak simulacrum (IceCv)
  3 chaos spawn (Lair:5)
  7 vampire mosquitoes
  A steam dragon (D:8)
  2 harpy simulacra (IceCv)
  7 wargs
  A glowing shapeshifter zombie (D:15)
  43 nagas
  4 acid dragons
  2 hydra simulacra (IceCv)
  13 water moccasins
  6 hell hounds
  55 orc warriors
  A sky beast (D:6)
  9 ogres
  29 wolves
  18 centaurs
  3 lemures (D:8)
  2 kobold brigands
  2 scorpions
  11 small abominations (Lair:5)
  A cane toad simulacrum (IceCv)
  2 gnoll sergeants
  7 bullfrogs
  6 two-headed ogre simulacra (IceCv)
  2 earth elementals
  3 necrophages
  5 wights
  2 elephant simulacra (IceCv)
  5 killer bees
  3 vampire bats (D:12)
  10 electric eels
  6 howler monkeys
  5 lava snakes (Volcano)
  6 hounds
  6 jellies
  19 orc priests
  2 gnoll boudas
  20 orc wizards
  6 iguanas
  2 polar bear simulacra (IceCv)
  7 spriggan simulacra (IceCv)
  4 troll simulacra (IceCv)
  3 wolf simulacra (IceCv)
  Robin (D:3)
  27 gnolls
  5 adders
  5 naga simulacra (IceCv)
  4 white imps
  10 ufetubi
  3 worms (D:3)
  2 dart slugs
  108 orcs
  17 bats
  2 bat skeletons (D:7)
  4 bat zombies (D:7)
  4 endoplasms
  3 giant cockroaches
  24 goblins
  10 hobgoblins
  7 jackals
  A quokka (D:2)
  6 ball pythons
  4 frilled lizards
  18 kobolds
  4 rats
  4 tentacles (Shoals:2)
1500 creatures vanquished.

Vanquished Creatures (others)
  A deep elf annihilator (Elf:2)
  A merfolk aquamancer (Shoals:4)
  A deep elf knight (Elf:1)
  An orc knight (Orc:2)
  A deep elf zephyrmancer (Elf:2)
  A deep elf pyromancer (Elf:1)
  2 orc wizards (Orc:2)
  An orc (Orc:2)
  A bush (Lair:3)
  A demonic plant (Gauntlet)
  28 fungi
  351 plants
  4 toadstools (D:1)
  7 withered plants (D:15)
401 creatures vanquished.

Grand Total: 1901 creatures vanquished

Notes
Turn   | Place    | Note
-------+----------+-------------------------------------------
     0 | D:1      | Earthwalker the Minotaur Fighter began the quest for the
                  | Orb.
     0 | D:1      | Reached XP level 1. HP: 19/19 MP: 0/0
   119 | D:1      | Found a faded altar of an unknown god.
   167 | D:1      | Reached XP level 2. HP: 26/27 MP: 1/1
   652 | D:2      | Identified the +1 ring mail of the Lost Places {rElec rCorr
                  | SInv}
   684 | D:2      | Got the Catalogue of Ensnaring Weather
   787 | D:2      | Reached XP level 3. HP: 33/33 MP: 2/2
  1154 | D:3      | Noticed a scorpion
  1168 | D:3      | Killed a scorpion
  1169 | D:3      | Reached skill level 1 in Dodging
  1169 | D:3      | Reached XP level 4. HP: 36/41 MP: 3/3
  1262 | D:3      | Found a snail-covered altar of Cheibriados.
  1384 | D:3      | Found a shimmering altar of Xom.
  1676 | D:3      | Found a blossoming altar of Fedhas.
  1677 | D:3      | Noticed Robin
  1717 | D:3      | Killed Robin
  1718 | D:3      | Reached XP level 5. HP: 19/47 MP: 4/4
  2236 | D:3      | Found a basalt altar of Yredelemnul.
  2830 | D:4      | Found a broken altar of Ashenzari.
  2920 | D:4      | Noticed Grinder
  2928 | D:4      | Paralysed by Grinder for 3 turns
  2937 | D:4      | Paralysed by Grinder for 4 turns
  2941 | D:4      | Killed Grinder
  2942 | D:4      | Reached skill level 5 in Fighting
  2942 | D:4      | Reached skill level 5 in Armour
  2942 | D:4      | Reached skill level 5 in Shields
  2942 | D:4      | Reached XP level 6. HP: 26/56 MP: 5/5
  3174 | D:4      | Found a shadowy altar of Dithmenos.
  3871 | D:5      | Entered Level 5 of the Dungeon
  3932 | D:5      | Reached skill level 5 in Axes
  3932 | D:5      | Reached XP level 7. HP: 53/62 MP: 6/6
  4305 | D:5      | Found a shimmering blue altar of Sif Muna.
  4600 | D:6      | Found a glowing silver altar of Zin.
  4663 | D:6      | Reached XP level 8. HP: 59/71 MP: 7/7
  4781 | D:6      | Found a sacrificial altar of Ru.
  4801 | D:6      | Noticed a two-headed ogre
  4807 | D:6      | Killed a two-headed ogre
  5120 | D:6      | Found an iron altar of Okawaru.
  5225 | D:6      | Found Ipid's Antique Armour Emporium.
  5255 | D:6      | Became a worshipper of Warmaster Okawaru
  5308 | D:7      | Noticed Prince Ribbit
  5322 | D:6      | Killed Prince Ribbit
  5323 | D:6      | Reached XP level 9. HP: 68/80 MP: 8/8
  5464 | D:7      | Reached * piety under Okawaru
  5658 | D:6      | HP: 4/81 [poisoned by a hornet]
  5661 | D:6      | HP: 1/81 [poisoned by a hornet]
  6069 | D:6      | Reached ** piety under Okawaru
  6206 | D:7      | Found an opulent altar of Gozag.
  6218 | D:7      | Found a stormy altar of Qazlal.
  6313 | D:7      | Found an ancient bone altar of Kikubaaqudgha.
  6348 | D:7      | Found a staircase to the Ecumenical Temple.
  6678 | D:8      | Found a bloodstained altar of Trog.
  6842 | D:8      | Reached skill level 5 in Dodging
  6842 | D:8      | Reached XP level 10. HP: 26/91 MP: 9/9
  6845 | D:8      | Reached *** piety under Okawaru
  7156 | D:8      | Identified the +6 whip of Awkwardness {flame, rC+++ Will-
                  | rCorr Stlth-}
  7235 | D:8      | Found a sparkling altar of Nemelex Xobeh.
  7306 | D:8      | Noticed Pikel
  7319 | D:8      | Killed Pikel
  8441 | D:9      | Paralysed by a hornet for 3 turns
  8448 | D:9      | Reached **** piety under Okawaru
  8632 | D:9      | Reached skill level 10 in Fighting
  8678 | D:9      | Reached skill level 10 in Shields
  8889 | D:9      | Found a staircase to the Lair.
  9170 | D:9      | Reached skill level 10 in Armour
  9415 | D:9      | Noticed a two-headed ogre
  9418 | D:9      | Killed a two-headed ogre
  9419 | D:9      | Reached skill level 10 in Axes
  9560 | D:9      | HP: 1/93 [electric eel/bolt of electricity (9)]
  9562 | D:9      | Reached XP level 11. HP: 1/100 MP: 10/10
  9983 | D:9      | Identified the +0 pair of boots "Zuvvisaw" {rC+ Str+2}
 10133 | D:9      | Reached skill level 1 in Throwing
 10146 | D:9      | Noticed a centaur warrior
 10146 | D:9      | Noticed a centaur warrior
 10158 | D:9      | Killed a centaur warrior
 10158 | D:9      | Reached ***** piety under Okawaru
 10166 | D:9      | Killed a centaur warrior
 10166 | D:9      | Received a gift from Okawaru
 10338 | D:9      | Noticed a seven-headed hydra
 10347 | D:9      | Killed a three-headed hydra
 10347 | D:9      | Identified the +1 robe of Magic {Int+6} (Okawaru gifted it
                  | to you on level 9 of the Dungeon)
 10347 | D:9      | Received a gift from Okawaru
 10649 | D:9      | Noticed a brown ugly thing
 10649 | D:9      | Noticed a purple ugly thing
 10661 | D:9      | Killed a brown ugly thing
 10672 | D:9      | Killed a brown ugly thing
 10916 | D:9      | Identified the ring of Caigaaph {rN+ Will+ Int+4}
 11271 | D:10     | Entered Level 10 of the Dungeon
 11324 | D:10     | Found a burning altar of Makhleb.
 11379 | D:10     | Found a flagged portal.
 11398 | Bailey   | Entered a bailey
 11458 | Bailey   | Identified a scroll of acquirement
 11458 | Bailey   | Acquired a manual of Dodging
 11552 | Bailey   | Noticed an orc knight
 11566 | Bailey   | Killed an orc knight
 12116 | Bailey   | Identified the +6 chain mail "Xiokhoumoll" {Int+3}
 12127 | Bailey   | Noticed an orc high priest
 12128 | Bailey   | Noticed an orc sorcerer
 12133 | Bailey   | Reached skill level 10 in Dodging
 12162 | Bailey   | Noticed a sun demon
 12164 | Bailey   | Killed an orc high priest
 12314 | Bailey   | Found an iron altar of Okawaru.
 12355 | Bailey   | Killed an orc sorcerer
 12764 | D:10     | Noticed Psyche
 12774 | D:10     | Killed Psyche
 12775 | D:10     | Reached XP level 12. HP: 107/108 MP: 11/11
 13089 | D:10     | Noticed an ogre mage
 13099 | D:10     | Killed an ogre mage
 14159 | D:11     | Reached skill level 15 in Dodging
 14173 | D:11     | Received a gift from Okawaru
 15118 | D:12     | Noticed a boulder beetle
 15138 | D:11     | Killed a boulder beetle
 15331 | D:11     | Received a gift from Okawaru
 15505 | D:12     | Found a sparkling altar of Nemelex Xobeh.
 15514 | D:12     | Noticed a two-headed ogre
 15519 | D:12     | Killed a two-headed ogre
 15751 | D:12     | Received a gift from Okawaru
 15802 | D:12     | Noticed Azrael
 16061 | Lair:1   | Entered Level 1 of the Lair of Beasts
 16302 | Lair:1   | Received a gift from Okawaru
 16303 | Lair:1   | Reached XP level 13. HP: 117/117 MP: 12/12
 16509 | Lair:1   | Received a gift from Okawaru
 16510 | Lair:1   | Reached skill level 1 in Stealth
 16913 | Lair:1   | Reached skill level 1 in Invocations
 17490 | Lair:1   | Reached skill level 1 in Evocations
 17632 | Lair:1   | Noticed Fannar
 17650 | Lair:1   | Killed Fannar
 18310 | Lair:2   | Found a dark tunnel.
 18315 | Volcano  | Entered a volcano
 19018 | Volcano  | Acquired 431 gold pieces
 19090 | Volcano  | Found a burning altar of Makhleb.
 19525 | Lair:2   | Reached ****** piety under Okawaru
 19534 | Lair:2   | Found a staircase to the Snake Pit.
 19893 | Lair:2   | Received a gift from Okawaru
 20405 | Lair:3   | Reached skill level 5 in Throwing
 20559 | Lair:3   | Received a gift from Okawaru
 20642 | Lair:3   | Found a staircase to the Shoals.
 20729 | Lair:3   | Received a gift from Okawaru
 20733 | Lair:3   | Reached XP level 14. HP: 100/127 MP: 0/14
 21312 | Lair:4   | Found a gate leading to a gauntlet.
 21323 | Gauntlet | Entered a Gauntlet
 21323 | Gauntlet | Found a transporter.
 21339 | Gauntlet | Found a transporter.
 21348 | Gauntlet | Found a transporter.
 21364 | Gauntlet | Found a transporter.
 21388 | Gauntlet | Found a transporter.
 21393 | Gauntlet | Found a transporter.
 21402 | Gauntlet | Found a transporter.
 21443 | Gauntlet | Found a transporter.
 21463 | Gauntlet | Found a transporter.
 21467 | Gauntlet | Found a transporter.
 21475 | Gauntlet | Found a transporter.
 21549 | Gauntlet | Found a transporter.
 21699 | Gauntlet | Identified the ring of Astramp {Ice Str+5 Slay+3}
 21920 | Gauntlet | Identified the ring "Qecveska" {Int+4 Dex+6}
 22158 | Gauntlet | Gained mutation: You passively map a small area around you.
                  | [potion of mutation]
 22158 | Gauntlet | Gained mutation: Your mind is acute. (Int +4, Str/Dex -1)
                  | [potion of mutation]
 22335 | Lair:4   | Identified the +9 broad axe "Kaaps" {speed, rN+} (Okawaru
                  | gifted it to you on level 4 of the Lair of Beasts)
 22335 | Lair:4   | Received a gift from Okawaru
 22887 | Lair:4   | Found the +2 ratskin cloak {*Rats rPois rN+ Str-1 Int-1
                  | Dex+1}
 23481 | Lair:5   | Entered Level 5 of the Lair of Beasts
 23495 | Lair:5   | Found a viscous altar of Jiyva.
 23495 | Lair:5   | Found a staircase to the Slime Pits.
 23534 | Lair:5   | Found a frozen archway.
 23548 | IceCv    | Entered an ice cave
 24657 | Lair:5   | Received a gift from Okawaru
 24658 | Lair:5   | Reached skill level 15 in Axes
 24875 | Lair:5   | Received a gift from Okawaru
 25195 | Lair:5   | Received a gift from Okawaru
 25543 | Lair:5   | Identified the +1 ring mail of Wonderful Leaves {rF+
                  | Stlth+}
 26117 | Lair:5   | Reached XP level 15. HP: 114/134 MP: 12/16
 26392 | Lair:5   | Found a corrupted altar of Lugonu.
 26392 | Lair:5   | Found a one-way gate to the infinite horrors of the Abyss.
 26392 | Lair:5   | Found the +0 staff of Battle
 26740 | D:12     | Killed Azrael
 27176 | D:12     | Found a staircase to the Orcish Mines.
 27365 | Orc:1    | Entered Level 1 of the Orcish Mines
 27524 | Orc:2    | Entered Level 2 of the Orcish Mines
 27524 | Orc:2    | Found a staircase to the Elven Halls.
 27529 | Orc:2    | Noticed an orc warlord
 27612 | Orc:1    | Killed an orc warlord
 27612 | Orc:1    | Received a gift from Okawaru
 27773 | Orc:2    | Noticed Sonja
 28000 | Orc:2    | Killed Sonja
 28009 | Orc:2    | Noticed Maurice
 28368 | Orc:2    | Killed Maurice
 29022 | Orc:2    | Identified the +0 pair of boots "Ceuxkis" {+Inv rN+ Str+4
                  | Int-2} (Okawaru gifted it to you on level 2 of the Orcish
                  | Mines)
 29022 | Orc:2    | Received a gift from Okawaru
 29174 | Orc:2    | Found Qoopp's General Store.
 29174 | Orc:2    | Found Funuck's Antique Weapon Shoppe.
 29176 | Orc:2    | Found Haoza's Assorted Antiques.
 29178 | Orc:2    | Found Maxkago's Weapon Boutique.
 29273 | Orc:2    | Found Kahorch's Antique Armour Boutique.
 31375 | Orc:1    | Reached skill level 5 in Stealth
 31868 | Snake:1  | Entered Level 1 of the Snake Pit
 31975 | Snake:1  | Found Mesot's Jewellery Shop.
 31999 | Snake:1  | Bought an amulet of regeneration for 540 gold pieces
 32051 | Snake:1  | Found Rysev's Armour Shoppe.
 32052 | Snake:1  | You fall into a shaft and drop 1 floor!
 32763 | Snake:1  | Received a gift from Okawaru
 32979 | Snake:1  | Reached skill level 5 in Invocations
 32979 | Snake:1  | Reached XP level 16. HP: 127/145 MP: 13/18
 33687 | Snake:2  | Found Ufrant's Distillery.
 33732 | Snake:2  | Bought a potion of curing for 36 gold pieces
 33732 | Snake:2  | Bought 2 potions of curing for 72 gold pieces
 33732 | Snake:2  | Bought a potion of heal wounds for 60 gold pieces
 33732 | Snake:2  | Bought a potion of resistance for 120 gold pieces
 33732 | Snake:2  | Bought a potion of magic for 96 gold pieces
 33732 | Snake:2  | Bought a potion of haste for 120 gold pieces
 33902 | Snake:2  | Received a gift from Okawaru
 34297 | Snake:2  | Received a gift from Okawaru
 34514 | Snake:3  | Noticed Vashnia
 34569 | Snake:3  | Killed Vashnia
 34569 | Snake:3  | Received a gift from Okawaru
 34570 | Snake:3  | Reached skill level 5 in Evocations
 34819 | Snake:3  | Received a gift from Okawaru
 35577 | Snake:4  | Entered Level 4 of the Snake Pit
 35712 | Snake:4  | Found a broken altar of Ashenzari.
 35889 | Snake:4  | Noticed Mlioglotl
 35955 | Snake:4  | Noticed a bone dragon
 35957 | Snake:4  | Noticed a hellephant
 35959 | Snake:4  | Killed Mlioglotl
 35959 | Snake:4  | Identified the +4 executioner's axe of Autumn {flame, SInv}
                  | (Okawaru gifted it to you on level 4 of the Snake Pit)
 35959 | Snake:4  | Received a gift from Okawaru
 36391 | Snake:4  | Noticed Aizul
 36401 | Snake:4  | Killed Aizul
 36645 | Snake:4  | Noticed Bai Suzhen
 36664 | Snake:4  | Killed Bai Suzhen
 36990 | Snake:4  | Reached XP level 17. HP: 124/154 MP: 9/21
 37174 | Snake:4  | Identified the +8 chain mail "Zoog" {rN+} (Okawaru gifted
                  | it to you on level 4 of the Snake Pit)
 37174 | Snake:4  | Received a gift from Okawaru
 37720 | Snake:4  | Reached skill level 15 in Fighting
 37909 | Snake:4  | Got a serpentine rune of Zot
 39237 | D:13     | Reached skill level 15 in Armour
 39237 | D:13     | Reached skill level 15 in Shields
 39826 | D:14     | Received a gift from Okawaru
 40208 | D:14     | Found a gate to the Vaults.
 40243 | D:14     | Received a gift from Okawaru
 40569 | D:15     | Entered Level 15 of the Dungeon
 40574 | D:15     | Found a staircase to the Depths.
 41219 | D:15     | Received a gift from Okawaru
 41576 | D:15     | Noticed Agnes
 41581 | D:15     | Killed Agnes
 42047 | Snake:1  | Bought a ring of flight for 315 gold pieces
 42116 | Shoals:1 | Entered Level 1 of the Shoals
 42460 | Shoals:1 | Received a gift from Okawaru
 42498 | Shoals:1 | Reached XP level 18. HP: 163/163 MP: 0/23
 43486 | Shoals:2 | Identified the +1 robe of Okawaru's Esteem {rElec Str+4}
                  | (Okawaru gifted it to you on level 2 of the Shoals)
 43486 | Shoals:2 | Received a gift from Okawaru
 43956 | Shoals:2 | Noticed Polyphemus
 44002 | Shoals:2 | Killed Polyphemus
 44215 | Shoals:2 | Noticed Ilsuiw
 44413 | Shoals:2 | Killed Ilsuiw
 44761 | Shoals:2 | Found Weqe's Assorted Antiques.
 44789 | Shoals:2 | Bought a scroll of teleportation for 57 gold pieces
 46096 | Shoals:4 | Entered Level 4 of the Shoals
 46557 | Shoals:4 | Reached skill level 10 in Throwing
 46612 | Shoals:4 | Received a gift from Okawaru
 47113 | Shoals:4 | Got the Catalogue of Graupel
 47172 | Shoals:4 | Identified the ring of Xufug {rElec rC+ MP+9 Int+6}
 47222 | Shoals:4 | Got a barnacled rune of Zot
 47616 | Shoals:4 | Identified the +1 pair of gloves of Okawaru's Condemnation
                  | {-Tele rCorr Int+10 Slay-2} (Okawaru gifted it to you on
                  | level 4 of the Shoals)
 47616 | Shoals:4 | Received a gift from Okawaru
 48201 | Snake:1  | Bought the amulet of Yhuinysegg {Reflect rC- rCorr Dex+4
                  | SH+5 Stlth+} for 842 gold pieces
 48465 | Snake:1  | Bought the +2 shield of Resistance {rF++ rC++ Will++} for
                  | 775 gold pieces
 48465 | Snake:1  | Found the +2 shield of Resistance {rF++ rC++ Will++}
 48639 | Slime:1  | Entered Level 1 of the Pits of Slime
 48905 | Slime:1  | Gained mutation: You are clumsy. (Dex -2) [a shining eye]
 48919 | Slime:1  | Reached XP level 19. HP: 142/172 MP: 0/25
 51792 | Slime:5  | Entered Level 5 of the Pits of Slime
 52041 | Elf:1    | Entered Level 1 of the Elven Halls
 52094 | Elf:1    | Found a runed translucent door.
 52213 | Elf:1    | Noticed Donald
 52228 | Elf:1    | Killed Donald
 52436 | Elf:1    | Noticed Frances
 52442 | Elf:1    | Killed Frances
 52515 | Elf:1    | Identified the +6 war axe of Okawaru's Inspiration {freeze,
                  | rC+ Str+4 Dex-3} (Okawaru gifted it to you on level 1 of
                  | the Elven Halls)
 52515 | Elf:1    | Received a gift from Okawaru
 52518 | Abyss:3  | Cast into level 3 of the Abyss (a deep elf sorcerer)
 52527 | Abyss:3  | Found a corrupted altar of Lugonu.
 52553 | Elf:1    | Escaped the Abyss
 52925 | Elf:1    | Noticed Louise
 52952 | Elf:1    | Killed Louise
 52960 | Elf:1    | Reached skill level 10 in Invocations
 53190 | Elf:1    | Identified Roxanne's Incunable of the Ground
 53190 | Elf:1    | Noticed Roxanne
 53210 | Elf:1    | Killed Roxanne
 53729 | Elf:2    | Identified the +0 scale mail of Vonass {-Tele rPois Will-
                  | SInv}
 54112 | Elf:2    | Noticed Saint Roka
 54138 | Elf:2    | Killed Saint Roka
 54144 | Elf:2    | Identified the ring of Nemelex Xobeh's Envy {*Corrode rC+
                  | Str+7 Int+3 Dex+6}
 54676 | Elf:2    | Received a gift from Okawaru
 54700 | Elf:2    | Found a runed translucent gate.
 54700 | Elf:2    | Found a runed translucent gate.
 54700 | Elf:2    | Found a runed translucent gate.
 55011 | Elf:2    | Received a gift from Okawaru
 55283 | Elf:2    | Reached skill level 10 in Stealth
 55751 | Elf:3    | Entered Level 3 of the Elven Halls
 55766 | Elf:3    | Reached XP level 20. HP: 159/184 MP: 21/26
 56163 | Elf:3    | Received a gift from Okawaru
 56385 | Elf:3    | Found a runed translucent gate.
 56386 | Elf:3    | Found a runed translucent gate.
 56387 | Elf:3    | Found a runed translucent gate.
 56388 | Elf:3    | Noticed decrepitue's ghost (adept MfGl)
 56905 | Elf:3    | Received a gift from Okawaru
 57081 | Elf:2    | Found a shimmering blue altar of Sif Muna.
 57404 | Elf:2    | Received a gift from Okawaru
 58098 | Elf:2    | Received a gift from Okawaru
 58613 | Elf:3    | Received a gift from Okawaru
 58614 | Elf:3    | Reached skill level 10 in Evocations
 58697 | Elf:3    | Found the +5 sword of Power {vorpal}
 58704 | Elf:3    | Identified the amulet "Ununoiru" {RegenMP rC+ rN+ Slay+3}
 58803 | Elf:3    | Got the Encyclopedia of Virulent Transfiguration
 58817 | Elf:3    | Identified the amulet "Neil" {Acrobat rPois}
 58850 | Elf:3    | Identified the amulet of Cheibriados's Favour {Faith Fly
                  | Int+5 Dex+4}
 58853 | Elf:3    | Identified the +7 longbow of Gallantry {freeze, SInv}
 59365 | Elf:2    | Killed decrepitue's ghost
 59548 | Elf:3    | Identified the +1 pair of boots of Beficeri {rPois rF+
                  | rCorr Dex+2}
 59570 | Elf:3    | Gained mutation: You are occasionally teleported next to
                  | monsters. [a cacodemon]
 59619 | Elf:3    | Lost mutation: You passively map a small area around you.
                  | [potion of mutation]
 59619 | Elf:3    | Lost mutation: Your mind is acute. (Int +4, Str/Dex -1)
                  | [potion of mutation]
 59619 | Elf:3    | Gained mutation: You are very clumsy. (Dex -4) [potion of
                  | mutation]
 59622 | Elf:3    | Gained mutation: Your body sometimes deteriorates upon
                  | taking damage. [mutagenic glow]
 59633 | Elf:2    | Gained mutation: You occasionally shout uncontrollably at
                  | your foes. [mutagenic glow]
 59648 | Elf:1    | Gained mutation: You are weak. (Str -2) [mutagenic glow]
 59880 | Lair:5   | Lost mutation: You are occasionally teleported next to
                  | monsters. [potion of mutation]
 59880 | Lair:5   | Lost mutation: You occasionally shout uncontrollably at
                  | your foes. [potion of mutation]
 59880 | Lair:5   | Lost mutation: You are weak. (Str -2) [potion of mutation]
 59880 | Lair:5   | Gained mutation: You expend magic power (3 MP) to
                  | strengthen your wands. [potion of mutation]
 59880 | Lair:5   | Gained mutation: You have a somewhat thin skeletal
                  | structure. (Dex +2, Stealth+) [potion of mutation]
 59929 | Slime:2  | Gained mutation: Your body often deteriorates upon taking
                  | damage. [a shining eye]
 60091 | Slime:4  | Noticed Dissolution
 60168 | Slime:3  | Killed Dissolution
 60298 | Slime:4  | Received a gift from Okawaru
 60586 | Slime:4  | Gained mutation: You have hidden genetic defects. [a
                  | shining eye]
 61906 | Slime:5  | Noticed the Royal Jelly
 61946 | Slime:5  | HP: 9/187 [acid (8)]
 61947 | Slime:5  | Splashed with acid

Illustrated notes

Levels and vault maps discovered:
D:1:      sevenhm_arrival_forest_fort_small_3, layout_basic,
          chequers_ecumenical_altar_island, nrook_mini_backslash,
          minmay_gold_behind_fungi
D:2:      layout_basic, minmay_misc_feat_square
D:3:      layout_basic, amcnicky_altar_gilded, chei_slow_surprise,
          nicolae_overflow_crystal_walls, mainiacjoe_overflow_alcove_4,
          uniq_robin
D:4:      layout_layer_cave, ashenzari_altar_1, lemuel_crystal_altar,
          uniq_grinder
D:5:      layout_cave_pools, nicolae_overflow_hidden_temple,
          hangedman_decor_growths, kennysheep_cross_room
D:6:      layout_rooms, mainiacjoe_overflow_chevrons, old_standard_altar,
          mainiacjoe_overflow_small_starburst, serial_shops, shop
D:7:      layout_cave_pools, kennysheep_vampire_church,
          mainiacjoe_overflow_catch_the_wave, minmay_temple_entry_waves,
          uniq_prince_ribbit1
D:8:      layout_gridville, bloody_trog, mainiacjoe_overflow_cross_hatched,
          minmay_lizard_king, uniq_pikel
D:9:      minmay_the_grid_octo_triangle [minmay_the_grid_octo_clover,
          minmay_the_grid_octo_prize_square_snowflake,
          minmay_the_grid_octo_concentric], layout_layer_cave, erik_lair_island
D:10:     minmay_opposing_rooms, layout_loops_corners, lightli_temple_of_fire,
          enter_bailey_5, uniq_psyche
D:11:     layout_layer_cave
D:12:     layout_rooms, hiddenorc2_lemuel, roderic_batcave,
          nemelex_xobeh_ov_fountains_minmay, uniq_azrael
D:13:     layout_loops_ring
D:14:     layout_loops_cross, erik_vaults_2, minmay_strange_pillars
D:15:     gammafunk_depths_entry_grave, layout_loops_corners,
          grunt_decor_clamped, uniq_agnes
Lair:1:   layout_layer_cave, evilmike_ambush [evilmike_ambush_outer_basic,
          evilmike_ambush_inner_basic], grunt_megastairs_2,
          serial_bayou_shore_b, infiniplex_staircase_pool_2,
          lemuel_fruit_fields, uniq_fannar
Lair:2:   layout_gridlike, minmay_snake_entry_guardpost_medium, enter_volcano_4
Lair:3:   layout_roguey, elwin_shoals_entry_rocks, serial_bayou_pond_e
Lair:4:   beast_lair_carwin_large_2, layout_gridlike, gauntlet_entry_generic,
          lemuel_fruit_tree
Lair:5:   hellmonk_lair_end_abyssal_woods, layout_cellular_growth,
          minmay_slime_entry_pillars, portal_ice_cave_entry_pillars_2,
          guppyfry_lair_drakes
Shoals:1: layout_shoals, nicolae_shoals_lost_giant_temple
Shoals:2: layout_shoals, serial_shops, shop, uniq_polyphemus, uniq_ilsuiw
Shoals:3: layout_shoals
Shoals:4: shoals_end_grunt_garden, layout_shoals, shoals_ilsuiw_alternative
Snake:1:  layout_onion_interference, serial_shops, shop_coins,
          grunt_ministairs_1, minmay_shop_star, serial_bayou_shore_a,
          grunt_megastairs_4, serial_bayou_shore_b
Snake:2:  layout_onion, serial_shops, nicolae_shop_hallway_plus
Snake:3:  layout_basic, drop_trap, uniq_vashnia
Snake:4:  johnstein_snake_rune_scales, layout_misc_corridors, basic_altar,
          nicolae_snake_omega, grunt_megastairs_1, uniq_bai_suzhen, uniq_aizul,
          uniq_mlioglotl
Slime:1:  layout_caves
Slime:2:  layout_caves
Slime:3:  layout_caves
Slime:4:  layout_caves, uniq_dissolution
Slime:5
Orc:1:    layout_caves, mines_bat_river
Orc:2:    st_orc_rangers, layout_caves, abandoned_shop, guppyfry_orc_lava_fort,
          uniq_maurice, uniq_sonja
Elf:1:    nicolae_elf_arrival_fired_up, layout_loops_cross, evilmike_minifort,
          solitary_fountain, nicolae_danse_macabre, uniq_frances, uniq_louise,
          uniq_donald, uniq_roxanne
Elf:2:    nicolae_elf_blades_splatter_lattice [nicolae_blade_tridents],
          layout_gridlike, lemuel_upstairs_altar, uniq_saint_roka
Elf:3:    elf_hall, layout_gridlike, gammafunk_ghost_tricky_traps

Skill      XL: |  1  2  3  4  5  6  7  8  9 10 11 12 13 14 15 16 17 18 19 20 |
---------------+-------------------------------------------------------------+-----
Axes           | 3 4 5 7 8 10 11 12 17 18 | 18.0
Shields        | 4 5 6 7 8 10 11 12 13 14 15 16 17 | 17.5
Fighting       | 4 5 6 7 9 10 11 12 13 14 15 16 17 | 17.7
Armour         | 4 5 6 7 8 10 11 12 13 14 15 16 17 | 17.7
Dodging        | 1 2 3 4 5 6 11 15 16 17 18 | 18.2
Throwing       | 3 5 6 8 9 10 11 12 | 12.0
Stealth        | 3 4 5 6 8 9 10 11 | 11.0
Invocations    | 2 5 6 8 9 10 11 | 11.2
Evocations     | 2 4 6 7 8 9 10 | 10.3

Action                   |  1- 3 |  4- 6 |  7- 9 | 10-12 | 13-15 | 16-18 | 19-21 || total
-------------------------+-------+-------+-------+-------+-------+-------+-------++-------
Melee: War axe           |    46 |   126 |   133 |   555 |   417 |   226 |       ||  1503
       Headbutt          |     3 |    11 |    18 |    98 |   244 |   314 |   245 ||   933
       Broad axe         |       |       |       |       |   654 |  1072 |  1030 ||  2756
Throw: Javelin           |       |       |       |     5 |     3 |       |       ||     8
       Boomerang         |       |       |       |       |    50 |   165 |    39 ||   254
Invok: Finesse           |       |       |       |       |       |       |     1 ||     1
  Use: Scroll            |     5 |       |     2 |    10 |    18 |     2 |     3 ||    40
       Potion            |       |       |       |       |     7 |       |     2 ||     9
 Stab: Petrified         |       |       |       |       |     2 |       |       ||     2
       Sleeping          |       |       |       |       |       |       |     1 ||     1
Armor: Scale mail        |     7 |       |       |       |       |       |       ||     7
       Plate armour      |    27 |   103 |    98 |   234 |   419 |   393 |   244 ||  1518
Dodge: Dodged            |    21 |    32 |    84 |   250 |   462 |   306 |   164 ||  1319
Block: Buckler           |    11 |    26 |    42 |   140 |   311 |     3 |       ||   533
       Tower shield      |       |       |       |       |       |  1069 |       ||  1069
       Reflection        |       |       |       |       |       |   101 |    57 ||   158
       Kite shield       |       |       |       |       |       |    18 |   549 ||   567
